 Dungeon Crawl Stone Soup version 0.30-a0-1112-gfb780f5df6 (webtiles) character file.

Game seed: 2527078659507463834

13339 demibob the Cruncher (level 11, -14/80 HPs)
             Began as a Demonspawn Wanderer on Apr 19, 2023.
             Was an Initiate of Gozag.
             Hit by a large rock thrown by a stone giant (38 damage)
             ... in a volcano.
             The game lasted 00:18:59 (10840 turns).

demibob the Cruncher (Demonspawn Wanderer)         Turns: 10840, Time: 00:18:59

Health: -14/80     AC: 24    Str: 13    XL:     11   Next: 74%
Magic:  11/11      EV: 15    Int: 16    God:    Gozag
Gold:   303        SH:  5    Dex: 17    Spells: 10/10 levels left

rFire   + + +      SeeInvis .    a - +1 quarterstaff
rCold   . . .      Faith    .    (shield currently unavailable)
rNeg    + . .      Spirit   .    D - +2 pearl dragon scales
rPois   +          Reflect  +    (helmet unavailable)
rElec   .          Rampage  .    (no cloak)
rCorr   .          Harm     + .  s - +0 pair of gloves
Will    .....                    c - +2 pair of boots "Kieppueqergh" {Harm rF+++ Str+3 Stlth-} Stlth
                                 B - amulet of reflection
HPRegen 0.33/turn                E - +5 ring of evasion
MPRegen 0.24/turn                P - ring of poison resistance

@: no status effects
A: horns 3, icy blue scales 2, magic regeneration, bedeviling
a: Renounce Religion, Potion Petition, Call Merchant, Bribe Branch


You were in a volcano.
You worshipped Gozag.
Gozag was aware of your devotion.
You visited 3 branches of the dungeon, and saw 13 of its levels.
You also visited: Ossuary and Volcano.

You collected 1570 gold pieces.
You spent 1157 gold pieces at shops.
You paid 110 gold pieces to Gozag.


Innate Abilities, Weirdness & Mutations

You have a pair of large horns on your head.
You are mostly covered in icy blue scales. (AC +3)
You regenerate magic rapidly.
Your hexes are more powerful.


   Skills:
 + Level 5.2 Fighting
 - Level 14.0 Staves
 + Level 9.6 Armour
 - Level 2.9 Dodging
 - Level 1.0 Stealth
 - Level 2.0 Evocations


You had 10 spell levels left.
You didn't know any spells.
Your spell library contained the following spells:

 Spells                   Type           Power      Damage    Failure   Level
 Apportation              Tloc           0%         N/A       75%         1
 Necrotise                Necr           0%         1d4       75%         1
 Summon Small Mammal      Summ           0%         N/A       75%         1
 Sublimation of Blood     Necr           0%         N/A       87%         2
 Wereblood                Tmut           0%         N/A       87%         2
 Summon Guardian Golem    Hex/Summ       0%         N/A       98%         3
 Leda's Liquefaction      Hex/Erth       0%         N/A       100%        4
 Alistair's Intoxication  Tmut/Pois      0%         N/A       100%        5
 Borgnjor's Vile Clutch   Necr/Erth      0%         N/A       100%        5
 Lee's Rapid Deconstruct  Erth           0%         3d4*      100%        5
 Eringya's Noxious Bog    Tmut/Pois      0%         N/A       100%        6
 Statue Form              Tmut/Erth      0%         N/A       100%        6
 Orb of Destruction       Conj           0%         9d5       100%        7
 Spellforged Servitor     Conj/Summ      0%         N/A       100%        7
 Summon Hydra             Summ           0%         N/A       100%        7

Inventory:

Hand Weapons
 a - a +1 quarterstaff (weapon)
Missiles
 b - 2 throwing nets (quivered) {=f}
Armour
 c - the +2 pair of boots "Kieppueqergh" (worn) {Harm rF+++ Str+3 Stlth-}
   (You acquired it on level 3 of the Dungeon)

   Str:       It affects your strength (+3).
   rF:        It renders you almost immune to fire.
   Harm:      It increases damage dealt and taken.
   Stlth:     It makes you less stealthy.
 s - a +0 pair of gloves (worn)
 D - +2 pearl dragon scales (worn)
Jewellery
 B - an amulet of reflection (around neck)
 C - a ring of ice
 E - a +5 ring of evasion (left hand)
 I - a +6 ring of intelligence
 L - a ring of flight
 P - a ring of poison resistance (right hand)
Wands
 d - a wand of polymorph (5)
 h - a wand of charming (3)
 x - a wand of flame (30)
Scrolls
 f - 3 scrolls of teleportation {@r2}
 i - 3 scrolls of enchant weapon
 y - 2 scrolls of amnesia
Potions
 e - 3 potions of brilliance
 g - 2 potions of magic
 j - 3 potions of curing {@q1}
 k - 2 potions of ambrosia
 l - 5 potions of resistance
 o - 2 potions of lignification
 r - a potion of invisibility {unknown}
 u - a potion of flight
 z - 5 potions of mutation
Miscellaneous
 n - a phial of floods

Dungeon Overview and Level Annotations

Branches:
Dungeon (10/15)            Temple (1/1) D:7            Lair (2/5) D:8
  Swamp (0/4) Lair:2        Snake (0/4) Lair:2          Orc (0/2) D:10
Ossuary (visited)         Volcano (1/1)

Altars:
Cheibriados
Dithmenos
Fedhas
Gozag
Hepliaklqana
Kikubaaqudgha
Sif Muna
Uskayaw
Vehumet
Xom
Yredelemnul

Shops:
D:3 * D:6

[
°°≈≈≈≈§§§§§S§▒▒▒▒▒▒▒▒+▒▒▒▒▒▒
°≈°≈≈≈§§§≈§..▒..C...▒.▒
≈§≈≈≈≈§≈§≈≈≈.▒..[.▒.▒.▒
°≈≈§≈≈≈§§§§≈.▒....▒.▒.▒ $ $
°≈≈°§≈§≈§≈≈..▒..§.▒C▒.▒ $
°°≈°§§§§≈≈≈≈.▒▒▒▒▒▒.▒.▒
§°≈≈§§§§≈≈≈≈.▒......▒.▒
°≈≈°≈§§≈≈≈≈≈.▒▒▒''▒▒▒)▒▒▒
≈§≈≈≈≈≈≈≈§§≈.▒..@.▒..)..▒
°°§≈≈≈≈≈≈°§§.▒.∩..▒.8⚑8.▒
°≈°≈§≈≈°°≈§≈.▒....'.....+
°≈≈§§≈≈≈§§°≈.▒▒▒▒▒▒▒▒▒▒▒▒
≈≈§≈≈≈≈≈§≈≈≈.


You could see a stone giant.


Message History

The stone giant shouts!
You start resting.
A stone giant is nearby!
Aiming: Corrosive Bolt
Press: ? - help, Shift-Dir - straight line, f - stone giant
Aim: a stone giant, quivering large rocks (100% to hit)
The bolt of acid hits the stone giant!
The acid corrodes the stone giant!
The stone giant is moderately wounded.
The now-empty wand crumbles to dust.
Okay, then.
Okay, then.
Okay, then.
The stone giant throws a large rock.
The large rock hits you!!
* * * LOW HITPOINT WARNING * * *
You see here a +4 great sword of flaming.
You feel better.
Blink to where?
Press: ? - help, Dir - move target, p - stone giant
As you read the scroll of blinking, it crumbles to dust.
The stone giant is no longer covered in acid.
There is a large open door here.
Press: ? - help, v - describe, . - travel A rocky tunnel leading out of this place.
Okay, then.
Okay, then.
Use which ability? (? or * to list)
Okay, then.
The stone giant throws a large rock.
The large rock hits you!!
You die...
Your body crumbles into a pile of gold.

Skill      XL: |  1  2  3  4  5  6  7  8  9 10 11 |
---------------+----------------------------------+-----
Staves         | 3 4 5 6 8 9 11 13 14 | 14.0
Armour         | 1 2 3 5 7 8 9 |  9.6
Fighting       | 2 5 |  5.2
Dodging        | |  2.9
Stealth        | |  1.0
Evocations     | |  2.0

Action                     |  1- 3 |  4- 6 |  7- 9 | 10-12 || total
---------------------------+-------+-------+-------+-------++-------
  Melee: Quarterstaff      |    89 |   195 |   490 |   432 ||  1206
         Headbutt          |       |    41 |    93 |   113 ||   247
  Throw: Throwing net      |     2 |       |     1 |       ||     3
  Evoke: Wand              |       |       |    13 |     9 ||    22
    Use: Potion            |     1 |     1 |    11 |     9 ||    22
         Scroll            |     2 |     7 |    12 |     9 ||    30
   Stab: Held in net/web   |     1 |       |       |       ||     1
         Sleeping          |     2 |       |       |       ||     2
         Distracted        |       |     1 |     2 |     1 ||     4
 Armour: Leather armour    |    25 |    27 |       |       ||    52
         Ring mail         |       |    19 |   129 |    46 ||   194
         Pearl dragon scal |       |       |       |    63 ||    63
  Dodge: Dodged            |    53 |   133 |   361 |   255 ||   802
  Block: Other             |       |       |     9 |    86 ||    95
         Reflection        |       |       |       |     5 ||     5

Levels and vault maps discovered:
D:1:      ncdulo_smallfort, layout_rooms
D:2:      layout_loops_ring, minmay_misc_feat_tower, dreamdust_wishing_well
D:3:      layout_basic, serial_shops, shop, nicolae_hexahallways, uniq_robin
D:4:      layout_rooms
D:5:      layout_loops_corners, uniq_prince_ribbit1
D:6:      layout_loops_ring, kennysheep_mini_moat, serial_shops, shop,
          hangedman_feature_mirror, minmay_splitting_lines, minmay_microvault
D:7:      layout_basic, minmay_temple_entry_ruins, nicolae_ossuary_entry_plus
D:8:      layout_basic, david_lair_shrubbed
D:9:      layout_irregular_city, uniq_harold
D:10:     layout_rooms, minmay_orc_entry_temple_small
Temple:   mainiacjoe_temple_archimedes_tessellation
Lair:1:   layout_cellular_growth, grunt_megastairs_3, uniq_nergalle
Lair:2:   layout_cave_shapes, minmay_swamp_entry_reptiles,
          minmay_snake_entry_six_corridors, nicolae_volcano_entry_hallway,
          grunt_forest_small_clearings, uniq_amaemon, uniq_gastronok
Volcano:  volcano_lake [vl_original]

Notes
Turn   | Place    | Note
-------+----------+-------------------------------------------
     0 | D:1      | demibob the Demonspawn Wanderer began the quest for the
                  | Orb.
     0 | D:1      | demibob set off with the following items: a +0
                  | quarterstaff, 2 throwing nets {=f}, a +0 leather armour, a
                  | wand of polymorph (5), a potion of haste {@q3}.
     0 | D:1      | Reached XP level 1. HP: 15/15 MP: 1/1
    96 | D:1      | HP: 1/15 [quokka (3)]
    98 | D:1      | Reached skill level 3 in Staves
   264 | D:1      | Gained mutation: You are partially covered in icy blue
                  | scales. (AC +2) [demonic ancestry]
   264 | D:1      | Reached XP level 2. HP: 16/21 MP: 2/2
   279 | D:1      | HP: 1/21 [dart slug/slug dart (6)]
   797 | D:2      | Gained mutation: You regenerate magic rapidly. [demonic
                  | ancestry]
   797 | D:2      | Reached XP level 3. HP: 26/26 MP: 3/3
   907 | D:2      | Reached skill level 4 in Staves
  1148 | D:2      | Gained mutation: You have a pair of small horns on your
                  | head. [demonic ancestry]
  1148 | D:2      | Reached XP level 4. HP: 21/32 MP: 4/4
  1683 | D:3      | Reached skill level 5 in Staves
  2206 | D:3      | Noticed Robin
  2216 | D:3      | Killed Robin
  2217 | D:3      | Reached XP level 5. HP: 37/37 MP: 5/5
  2414 | D:3      | Found Jazxeacu's Assorted Antiques.
  2422 | D:3      | Bought an encrusted marble ring for 90 gold pieces
  2422 | D:3      | Bought a scroll labelled JOGEGO ZIKHLI for 18 gold pieces
  2425 | D:3      | Identified a scroll of acquirement
  2425 | D:3      | Acquired the +2 pair of boots "Kieppueqergh" {Harm rF+++
                  | Str+3 Stlth-}
  2683 | D:4      | Noticed a black bear
  2722 | D:4      | Killed a black bear
  2723 | D:4      | Reached skill level 1 in Armour
  2754 | D:4      | Gained mutation: Your hexes are more powerful. [demonic
                  | ancestry]
  2754 | D:4      | Reached XP level 6. HP: 42/43 MP: 6/6
  2761 | D:4      | Reached skill level 6 in Staves
  2808 | D:4      | Reached skill level 2 in Armour
  2907 | D:4      | Gained mutation: You are mostly covered in icy blue scales.
                  | (AC +3) [demonic ancestry]
  2907 | D:4      | Reached XP level 7. HP: 45/48 MP: 7/7
  3272 | D:5      | Entered Level 5 of the Dungeon
  3359 | D:5      | Reached skill level 7 in Staves
  3502 | D:5      | Reached skill level 3 in Armour
  3897 | D:5      | Reached skill level 8 in Staves
  3897 | D:5      | Gained mutation: You have a pair of horns on your head.
                  | [demonic ancestry]
  3897 | D:5      | Reached XP level 8. HP: 54/54 MP: 8/8
  3899 | D:5      | Noticed Prince Ribbit
  3944 | D:5      | Killed Prince Ribbit
  3945 | D:5      | Reached skill level 4 in Armour
  3978 | D:5      | Identified the +6 scimitar of Puaguzye {heavy, rElec rN+}
  4428 | D:6      | Reached skill level 9 in Staves
  4473 | D:6      | Found a blossoming altar of Fedhas.
  4572 | D:6      | Noticed a troll
  4588 | D:6      | Reached skill level 5 in Armour
  4602 | D:6      | Killed a troll
  4664 | D:6      | Found Xaojur's Armour Emporium.
  4822 | D:6      | Found a shimmering altar of Xom.
  4829 | D:6      | Reached XP level 9. HP: 59/59 MP: 9/9
  5002 | D:7      | Found a sand-covered staircase.
  5007 | Ossuary  | Entered an ossuary
  5178 | D:7      | Found a staircase to the Ecumenical Temple.
  5178 | D:7      | Noticed a troll
  5201 | Temple   | Entered the Ecumenical Temple
  5275 | Temple   | Became a worshipper of Gozag Ym Sagoz the Greedy
  5343 | Temple   | Identified 4 potions of resistance
  5361 | D:7      | Killed a troll
  5362 | D:7      | Reached skill level 10 in Staves
  5751 | D:7      | Reached skill level 6 in Armour
  6123 | D:8      | Noticed a komodo dragon
  6515 | D:8      | Killed a komodo dragon
  6591 | D:8      | Found a staircase to the Lair.
  6891 | D:8      | Reached skill level 11 in Staves
  7049 | D:9      | Identified the +3 leather armour of Lust {rC- rN+ Str+2
                  | Int+2}
  7317 | D:9      | Reached skill level 7 in Armour
  7317 | D:9      | Reached XP level 10. HP: 38/65 MP: 10/10
  7403 | D:9      | Noticed Harold
  7424 | D:9      | Killed Harold
  7505 | D:9      | Noticed a two-headed ogre
  7513 | D:9      | Killed a two-headed ogre
  7514 | D:9      | Reached skill level 12 in Staves
  8034 | D:9      | Reached skill level 8 in Armour
  8437 | D:10     | Entered Level 10 of the Dungeon
  8461 | D:10     | Reached skill level 13 in Staves
  8539 | D:10     | Found a staircase to the Orcish Mines.
  8541 | D:10     | Noticed a brown ugly thing
  8618 | Lair:1   | Entered Level 1 of the Lair of Beasts
  8679 | Lair:1   | Reached skill level 2 in Fighting
  8679 | Lair:1   | Gained mutation: You have a pair of large horns on your
                  | head. [demonic ancestry]
  8679 | Lair:1   | Reached XP level 11. HP: 49/72 MP: 11/11
  9090 | Lair:1   | Reached skill level 3 in Fighting
  9243 | D:6      | Bought +1 pearl dragon scales for 1049 gold pieces
  9747 | Lair:1   | Reached skill level 9 in Armour
  9993 | Lair:1   | Noticed Nergalle
 10005 | Lair:1   | Killed Nergalle
 10006 | Lair:1   | Reached skill level 4 in Fighting
 10587 | Lair:2   | Found a staircase to the Snake Pit.
 10634 | Lair:2   | Found a dark tunnel.
 10641 | Volcano  | Entered a volcano
 10711 | Volcano  | Found a burning altar of Makhleb.
 10718 | Volcano  | Reached skill level 14 in Staves
 10771 | Volcano  | Reached skill level 5 in Fighting
 10820 | Volcano  | Noticed a stone giant
 10840 | Volcano  | Hit by a large rock thrown by a stone giant

Vanquished Creatures
  A two-headed ogre (D:9)
  Nergalle (Lair:1)
  A black mamba (Lair:1)
  4 cane toads (Lair:1)
  A molten gargoyle (Volcano)
  2 gargoyles (Volcano)
  A komodo dragon (D:8)
  An efreet (Volcano)
  3 trolls
  Prince Ribbit (D:5)
  A wyvern (Lair:1)
  A wraith (D:9)
  21 yaks
  2 basilisks (Lair:1)
  2 fire elementals (Volcano)
  An acid dragon (D:9)
  4 water moccasins
  An orc warrior (D:9)
  An ice beast (D:6)
  2 sky beasts
  A black bear (D:4)
  2 ogres
  2 centaurs
  4 kobold brigands
  3 phantoms
  7 bullfrogs
  3 scorpions
  3 wights (D:9)
  5 killer bees (D:8)
  2 hounds
  2 jellies
  5 orc priests
  4 gnoll boudas
  5 iguanas
  A sleepcap (D:7)
  5 orc wizards
  2 mummies (Ossuary)
  Robin (D:3)
  21 gnolls
  7 adders
  A white imp (D:5)
  4 adder zombies (Ossuary)
  3 worms
  A dart slug (D:1)
  20 orcs
  5 endoplasms
  5 gnoll zombies (Ossuary)
  17 goblins
  11 hobgoblins
  2 jackals (D:5)
  7 quokkas
  6 ball pythons
  4 bats
  3 frilled lizards
  A hobgoblin zombie (Ossuary)
  26 kobolds
  5 kobold zombies (Ossuary)
  6 orc zombies (Ossuary)
  6 rats
270 creatures vanquished.

Vanquished Creatures (collateral kills)
  Harold (D:9)
  A wight (D:9)
2 creatures vanquished.

Vanquished Creatures (others)
  3 fungi (Lair:1)
  38 plants
41 creatures vanquished.

Grand Total: 313 creatures vanquished

Table legend: (Time is in decaauts)
 A = Elapsed time spent in this place.
 B = Non-inter-level travel time spent in this place.
 C = Inter-level travel time spent in this place.
 D = Time resting spent in this place.
 E = Time spent auto-exploring this place.
 F = Levels seen in this place.
 G = Mean time per level.
                   A        B        C        D        E       F      G
               +--------+--------+--------+--------+--------+-----+--------+
         Total |  10634 |  10020 |    614 |    434 |   7363 |  15 |  708.9 |
       Dungeon |   8390 |   7929 |    461 |    198 |   6050 |  10 |  839.0 |
        Temple |    149 |     82 |     67 |      0 |     57 |   1 |  149.0 |
          Lair |   1782 |   1697 |     85 |    209 |   1183 |   2 |  891.0 |
       Ossuary |    137 |    137 |      0 |      0 |     73 |   1 |  137.0 |
       Volcano |    174 |    174 |      0 |     27 |      0 |   1 |  174.0 |
               +--------+--------+--------+--------+--------+-----+--------+

Top non-repeatable levels by time:
  Lair:1: 1719 daAuts
     D:9: 1409 daAuts
     D:8: 1237 daAuts
     D:3: 1167 daAuts
     D:6: 892 daAuts
     D:5: 885 daAuts
     D:2: 816 daAuts
     D:1: 683 daAuts
     D:4: 598 daAuts
     D:7: 591 daAuts
 Volcano: 174 daAuts
  Temple: 149 daAuts
 Ossuary: 137 daAuts
    D:10: 106 daAuts
  Lair:2: 63 daAuts

Table legend:
 A = Non-vault XP
 B = Vault XP
 C = Vault XP percentage of total XP
 D = Non-vault monster count
 E = Vault monster count
 F = Vault count percentage of total count
                 A         B        C        D         E       F
            +---------+---------+-------+---------+---------+-------
      Total |   12823 |    6233 |  32.7 |     217 |      55 |  20.2
            +---------+---------+-------+---------+---------+-------
        D:1 |      34 |       0 |   0.0 |      19 |       0 |   0.0
        D:2 |      71 |       0 |   0.0 |      19 |       0 |   0.0
        D:3 |      94 |      40 |  29.9 |      23 |      13 |  36.1
        D:4 |     530 |       0 |   0.0 |      22 |       0 |   0.0
        D:5 |     810 |     286 |  26.1 |      18 |       1 |   5.3
        D:6 |     565 |     402 |  41.6 |      18 |       3 |  14.3
        D:7 |     881 |       0 |   0.0 |       8 |       0 |   0.0
        D:8 |     731 |     378 |  34.1 |      18 |       1 |   5.3
        D:9 |    4001 |     857 |  17.6 |      48 |       1 |   2.0
       D:10 |     299 |       0 |   0.0 |       2 |       0 |   0.0
     Lair:1 |    4807 |    1992 |  29.3 |      22 |       6 |  21.4
     Lair:2 |       0 |     145 | 100.0 |       0 |       1 | 100.0
    Ossuary |       0 |      80 | 100.0 |       0 |      23 | 100.0
    Volcano |       0 |    2053 | 100.0 |       0 |       6 | 100.0
            +---------+---------+-------+---------+---------+-------
